 Dungeon Crawl Stone Soup version 0.21.0-3-g78d12a8 (webtiles) character file.

302357 MTVSty1e the Shatterer (level 20, 0/143 HPs)
             Began as a Gargoyle Fighter on Jan 15, 2018.
             Was the Champion of Jiyva.
             Slain by a tengu reaver
             ... wielding a +0 dire flail
             ... led by Sojobo
              (6 damage)
             ... on level 4 of the Vaults.
             The game lasted 01:26:33 (37826 turns).

MTVSty1e the Shatterer (Gargoyle Fighter)          Turns: 37826, Time: 01:26:33

Health: 0/143      AC: 36    Str: 28    XL:     20   Next: 61%
Magic:  0/20       EV: 16    Int:  9    God:    Jiyva [******]
Gold:   2357       SH: 21    Dex: 12    Spells: 19/19 levels left

rFire    + + +     SeeInvis +   j - +5 demon whip (elec)
rCold    + + .     Gourm    .   P - +0 large shield
rNeg     + . .     Faith    .   c - +0 fire dragon scales
rPois    ∞         Spirit   +   e - +0 hat {MR+}
rElec    +         Reflect  .   g - scarf {repulsion}
rCorr    +         Harm     .   V - +2 pair of gloves
MR       +++..                  T - +2 pair of boots
Stlth    ++........             C - amulet of Gaemoq {Spirit rC++ MR- Str+2 Stlth+}
HPRegen  0.33/turn              L - ring of see invisible
MPRegen  0.17/turn              Y - ring of Zufeiqa {*Contam rF+ EV+3 Stlth+}

@: about to teleport, flying, hasted, repel missiles, very quick
A: big wings, rugged brown scales 1, cold resistance 1, magic resistance 2,
negative energy resistance 1, electricity resistance, unbreathing, translucent
skin 1, petrification resistance, rot immunity, AC +15
}: 3/15 runes: decaying, serpentine, slimy
a: Stop Flying, Request Jelly, Slimify, Cure Bad Mutation, Renounce Religion


You were on level 4 of the Vaults.
You worshipped Jiyva.
Jiyva was exalted by your worship.
You were very full.

You visited 8 branches of the dungeon, and saw 41 of its levels.
You also visited: Ossuary and Ice Cave.

You collected 3057 gold pieces.
You spent 700 gold pieces at shops.

Inventory:

Hand Weapons
 j - a +5 demon whip of electrocution (weapon)
 X - the +5 mace "Weatiyl" {venom, rF+ rC+ MR+ SInv}
   (You found it on level 5 of the Pits of Slime)

   It poisons the flesh of those it strikes.
   It protects you from fire.
   It protects you from cold.
   It affects your resistance to hostile enchantments.
   It lets you see invisible.
Armour
 c - +0 fire dragon scales (worn)
 e - a +0 hat of magic resistance (worn)
 g - a scarf of repulsion (worn)
 O - a +3 plate armour
 P - a +0 large shield (worn)
 T - a +2 pair of boots (worn)
 V - a +2 pair of gloves (worn)
Jewellery
 h - an uncursed ring of protection from magic
 C - the amulet of Gaemoq (around neck) {Spirit rC++ MR- Str+2 Stlth+}
   (You found it on level 4 of the Swamp)

   [amulet of guardian spirit]

   It causes incoming damage to be split between your health and magic.
   It affects your strength (+2).
   It greatly protects you from cold.
   It affects your resistance to hostile enchantments.
   It makes you more stealthy.
 D - an uncursed ring of protection from cold
 H - an uncursed amulet of regeneration
 L - a ring of see invisible (left hand)
 Y - the ring of Zufeiqa (right hand) {*Contam rF+ EV+3 Stlth+}
   (You found it on level 5 of the Pits of Slime)

   [ring of evasion]

   It affects your evasion (+3).
   It protects you from fire.
   It causes magical contamination when unequipped.
   It makes you more stealthy.
Wands
 a - a wand of clouds (4)
 d - a wand of acid (19)
 r - a wand of polymorph (20)
 A - a wand of enslavement (10)
 B - a wand of flame (61)
 E - a wand of disintegration (32)
 I - a wand of digging (23)
 J - a wand of iceblast (39)
 K - a wand of paralysis (13)
Scrolls
 b - 7 scrolls of magic mapping
 i - 15 scrolls of remove curse
 k - 7 scrolls of teleportation
 l - 9 scrolls of identify
 u - 6 scrolls of fear
 x - 8 scrolls of amnesia
 y - a scroll of summoning
 G - 2 scrolls of fog
 U - 3 scrolls of enchant armour
Potions
 m - 2 potions of haste
 o - 10 potions of curing
 p - 3 potions of invisibility
 q - 3 potions of agility
 s - 2 potions of mutation
 t - a potion of resistance
 v - 3 potions of brilliance
 w - 6 potions of flight
 z - 6 potions of lignification
 M - 5 potions of ambrosia
 Q - 2 potions of berserk rage
 R - 5 potions of might
 S - a potion of cancellation
Miscellaneous
 N - a lamp of fire
Comestibles
 f - 43 rations


   Skills:
 * Level 19.3 Fighting
 * Level 21.3 Maces & Flails
 + Level 14.9 Armour
 + Level 9.7 Dodging
 + Level 14.8 Shields


You had 19 spell levels left.
You didn't know any spells.

Dungeon Overview and Level Annotations

Branches:
Dungeon (15/15)            Temple (1/1) D:5            Lair (6/6) D:11
  Swamp (4/4) Lair:3        Snake (4/4) Lair:4        Slime (5/5) Lair:6
    Orc (2/2) D:11            Elf (0/3) Orc:2        Vaults (4/5) D:13
 Depths (0/5) D:15
  Crypt: Vaults:2-3

Altars:
Ashenzari
Cheibriados
Dithmenos
Elyvilon
Fedhas
Gozag
Hepliaklqana
Kikubaaqudgha
Makhleb
Nemelex Xobeh
Okawaru
Qazlal
Ru
Sif Muna
Trog
Uskayaw
Vehumet
Wu Jian
Xom
Yredelemnul
Zin
The Shining One
Jiyva

Shops:
D:7 *   D:10 :   D:12 (   D:15 (   Orc:2 :[(*   Vaults:1 (   Vaults:2 }:=%

Annotations:
Slime:5 Royal Jelly
Vaults:4 Sojobo


Innate Abilities, Weirdness & Mutations

You are resistant to torment.
Your stone body is resilient. (AC +15)
You are immune to poison.
Your large and strong wings let you fly indefinitely.
You resist negative energy. (rN+)
You are resistant to electric shocks. (rElec)
You can survive without breathing.
You are immune to petrification.
You are immune to rotting.
You are partially covered in rugged brown scales. (AC +1, +3% HP)
Your flesh is cold resistant. (rC+)
You are highly resistant to hostile enchantments. (MR++)
Your translucent skin slightly reduces your foes' accuracy. (Stealth)


Message History

You block Sojobo's attack. x2; Sojobo claws you but does no damage.
The air elemental hits you but does no damage.
As you read the scroll of teleportation, it crumbles to dust.
You feel strangely unstable.
You are engulfed in raging winds.
The winds around the air elemental start to calm down.
You block the air elemental's attack. x2; The air elemental closely misses you.
Sojobo waves her feathered arms in wide circles.
The air twists around and violently strikes you in flight!
* * * LOW HITPOINT WARNING * * *
The air elemental closely misses you.
The air elemental hits you but does no damage.
You feel yourself speed up.
You are engulfed in raging winds.
You block the air elemental's attack. The air elemental barely misses you.
The air elemental misses you. You block the air elemental's attack.
A brief shower of sparks shoots from Sojobo's claws.
Sojobo points at you and mumbles some strange words.
The bolt of lightning hits you! You resist.
* * * LOW HITPOINT WARNING * * *
The tengu reaver hits you with a dire flail!
You die...

#.........#
#...
#.........#
#...
#.........#
#...
#.....)...#
#...
#....§§§§§#
#####...
#....*§§§§#
#...#...
#....§§§§§#
#...#...
#....§§QE§#
#####...'...
###....§§@E§#
#..)#.#.#.†.
.......§§§Q§#
#..)'...#.††
.......§§§§§#
#.))#.#)#...
.......§§...#
#####..)[...
............#
#..)#)).
............#
#...#...
............#
#####...
#...........#
#...
#...........#
#...


You could see Sojobo, a tengu reaver, 2 air elementals and a battlesphere.

Vanquished Creatures
  Nikola (Swamp:1)
  Jorgrun (Snake:2)
  2 thorn hunters
  Donald (Lair:3)
  A fire giant (D:15)
  7 vault wardens
  The ghost of Haldmier the Spry, an adept DEWr of Ashenzari (Snake:4)
  An orc warlord (Orc:2)
  9 nagarajas
  Louise (D:14)
  3 stone giants
  5 ironheart preservers
  3 very ugly things (Vaults:4)
  The ghost of jazmu the Thaumaturge, a journeyman DsFE of Vehumet (Orc:2)
  An entropy weaver (Vaults:3)
  An ettin (Vaults:3)
  3 fire dragons
  4 yaktaur captains
  Harold (D:11)
  Josephine (Orc:2)
  7 vault guards
  10 naga warriors
  2 rakshasas
  3 ghost crabs
  Erolcha (D:10)
  A merfolk avatar (Lair:6)
  An ice dragon (Vaults:1)
  25 hydras
  2 catoblepae
  12 anacondas
  9 ogre magi
  3 centaur warriors
  37 two-headed ogres
  A tengu warrior (D:14)
  2 deep troll earth magi
  7 alligators
  A queen ant (D:9)
  3 orc high priests
  4 shock serpents
  Urug (Lair:5)
  A deep troll shaman (Vaults:3)
  10 naga sharpshooters
  2 deep elf knights
  2 salamander mystics
  The ghost of Feta the Destroyer, a novice TeCj of Vehumet (D:6)
  4 unseen horrors
  6 sea snakes
  2 spriggan druids
  9 swamp dragons
  7 deep trolls
  4 deep elf archers
  3 shambling mangroves
  A flayed ghost (Vaults:2)
  6 naga ritualists
  3 wizards
  A necromancer (IceCv)
  7 harpies
  3 deep elf magi
  10 ironbrand convokers
  Pikel (D:7)
  7 orc knights
  3 wolf spiders
  A lindwurm (Lair:6)
  7 orc sorcerers
  28 ugly things
  12 salamanders
  15 mana vipers
  A manticore (Lair:6)
  3 oklob plants (Lair:2)
  7 cyclopes
  3 centaur zombies
  12 elephants
  22 naga magi
  A black mamba (shapeshifter) (Vaults:1)
  35 black mambas
  2 guardian serpents
  An ice statue (IceCv)
  14 spiny frogs
  4 vault sentinels
  4 gargoyles
  11 freezing wraiths
  A yaktaur (shapeshifter) (Vaults:3)
  24 yaktaurs
  An efreet (D:14)
  5 rime drakes
  A kobold demonologist (D:13)
  7 komodo dragons
  2 tengu conjurers
  7 trolls
  5 polar bears
  A wind drake (Lair:6)
  A queen bee (Lair:3)
  11 bog bodies
  A raiju (shapeshifter) (Vaults:3)
  4 tyrant leeches
  A blink frog (shapeshifter) (Vaults:4)
  16 hornets
  A snapping turtle (shapeshifter) (Vaults:1)
  8 blink frogs
  6 dream sheep (Lair:5)
  10 hippogriffs
  4 centaur simulacra
  2 redbacks (Vaults:3)
  4 shadows
  7 wraiths
  6 wyverns
  30 yaks
  5 basilisks
  4 hungry ghosts
  A steam dragon (Lair:4)
  26 vampire mosquitoes
  5 wargs
  42 nagas
  23 swamp worms
  12 insubstantial wisps
  Edmund (D:6)
  2 death yak simulacra (IceCv)
  3 acid dragons
  7 soldier ants (D:9)
  24 water moccasins
  12 porcupines
  A black bear (Lair:5)
  3 phantoms
  A sky beast (D:15)
  2 slaves (D:7)
  2 necrophages
  An eye of draining (D:10)
  13 swamp drakes
  28 orc warriors
  16 ice beasts
  A hornet zombie (D:14)
  3 boggarts (Vaults:1)
  29 ogres
  11 crocodiles
  10 centaurs
  3 big kobolds
  20 bullfrogs
  2 gnoll sergeants (D:6)
  A wyvern zombie (D:14)
  2 wyvern skeletons
  A scorpion (D:6)
  A hornet simulacrum (D:15)
  20 killer bees
  5 wights
  A human simulacrum (Vaults:2)
  2 howler monkeys (D:14)
  2 electric eels
  8 crimson imps
  4 draconian simulacra (IceCv)
  5 bullfrog zombies
  5 jellies
  Crazy Yiuf (D:7)
  10 hounds
  9 orc priests
  A bullfrog skeleton (D:12)
  12 orc wizards
  4 centaur skeletons
  9 iguanas
  2 hell rats (Lair:1)
  35 worker ants
  2 polar bear simulacra (IceCv)
  2 spriggan simulacra (IceCv)
  A killer bee zombie (D:9)
  7 troll simulacra (IceCv)
  A big kobold zombie (Ossuary)
  9 mummies
  2 hound zombies
  2 hound skeletons (D:10)
  3 worker ant zombies
  Robin (D:2)
  3 gnolls (D:3)
  3 naga simulacra (IceCv)
  11 adders
  An ogre simulacrum (IceCv)
  10 river rats (Lair:1)
  5 shadow imps
  12 white imps (IceCv)
  An ooze (D:2)
  2 adder skeletons (D:4)
  2 worms
  2 dart slugs
  9 leopard geckos
  52 orcs
  2 ball pythons
  2 giant cockroaches
  19 goblins
  7 hobgoblins
  9 jackals
  3 quokkas
  5 bats
  8 frilled lizards
  A gnoll zombie (Ossuary)
  A hobgoblin zombie (Ossuary)
  A jackal zombie (D:8)
  10 kobolds
  3 kobold zombies (Ossuary)
  A leopard gecko skeleton (D:7)
  A leopard gecko zombie (D:5)
  2 orc zombies (Ossuary)
  2 quokka zombies
  8 rats
  A rat zombie (D:4)
  A bush (Lair:2)
1305 creatures vanquished.

Vanquished Creatures (collateral kills)
  A redback (Vaults:3)
  3 nagas (Snake:2)
4 creatures vanquished.

Vanquished Creatures (others)
  A tengu reaver (Vaults:4)
  A great orb of eyes (Vaults:2)
  A hydra (Swamp:3)
  A glowing orange brain (Vaults:3)
  An unseen horror (D:14)
  An ironbrand convoker (Vaults:2)
  A deep elf mage (Vaults:3)
  A cyclops (D:15)
  2 naga magi
  A centaur skeleton (D:15)
  8 slime creatures
  A redback (Vaults:3)
  A swamp worm (Swamp:3)
  7 nagas
  3 orc warriors
  An ice beast (Orc:2)
  2 ogres
  4 swamp drakes
  An eye of draining (Slime:5)
  3 centaurs
  A bullfrog (D:15)
  166 jellies
  2 orcs
  8 fungi
  3 plants (Lair:6)
222 creatures vanquished.

Grand Total: 1531 creatures vanquished

Notes
Turn   | Place    | Note
-------+----------+-------------------------------------------
     0 | D:1      | MTVSty1e the Gargoyle Fighter began the quest for the Orb.
     0 | D:1      | Reached XP level 1. HP: 14/14 MP: 1/1
   288 | D:1      | Reached XP level 2. HP: 19/19 MP: 2/2
  1034 | D:2      | Reached skill level 3 in Maces & Flails
  1256 | D:2      | Reached XP level 3. HP: 20/23 MP: 3/3
  1704 | D:2      | Noticed Robin
  1725 | D:2      | Killed Robin
  1725 | D:2      | Reached skill level 4 in Maces & Flails
  1729 | D:2      | HP: 1/23 [hobgoblin/club[Robin] (1)]
  1731 | D:2      | Reached XP level 4. HP: 28/28 MP: 4/4
  2008 | D:3      | Reached skill level 5 in Maces & Flails
  2008 | D:3      | Reached XP level 5. HP: 32/32 MP: 5/5
  2109 | D:3      | Found a snail-covered altar of Cheibriados.
  2478 | D:3      | Reached skill level 6 in Maces & Flails
  2496 | D:3      | Reached XP level 6. HP: 36/37 MP: 6/6
  2601 | D:3      | Found a glowing golden altar of the Shining One.
  2601 | D:3      | Found a hide-covered altar of Uskayaw.
  2833 | D:4      | Found a burning altar of Makhleb.
  3013 | D:4      | Found a sand-covered staircase.
  3027 | Ossuary  | Entered an ossuary
  3048 | Ossuary  | Reached skill level 7 in Maces & Flails
  3407 | Ossuary  | Reached XP level 7. HP: 17/41 MP: 7/7
  3942 | D:4      | You fall through a shaft for 2 floors!
  4006 | D:6      | Reached skill level 8 in Maces & Flails
  4217 | D:6      | Identified the Collected Works on Arcane Weapons and Displacement
  4296 | D:6      | Noticed Feta's ghost (novice TeCj)
  4301 | D:6      | Noticed Edmund
  4307 | D:6      | Reached skill level 9 in Maces & Flails
  4307 | D:6      | Reached XP level 8. HP: 25/46 MP: 8/8
  4310 | D:6      | Killed Feta's ghost
  4310 | D:6      | Reached skill level 10 in Maces & Flails
  4325 | D:6      | Killed Edmund
  4507 | D:5      | Entered Level 5 of the Dungeon
  4603 | D:5      | Found a staircase to the Ecumenical Temple.
  4613 | Temple   | Entered the Ecumenical Temple
  4865 | D:5      | Reached skill level 11 in Maces & Flails
  4889 | D:5      | Found a white marble altar of Elyvilon.
  5145 | D:5      | Reached XP level 9. HP: 51/51 MP: 9/9
  5211 | D:5      | Found a blossoming altar of Fedhas.
  5251 | D:5      | Found a deep blue altar of Sif Muna.
  6407 | D:6      | Reached skill level 12 in Maces & Flails
  6857 | D:7      | Found Earud's Eclectic Emporium.
  6923 | D:7      | Noticed Pikel
  6967 | D:7      | Killed Pikel
  7405 | D:7      | Identified Aschu Wu Jid's Tome of Stolen Souls and the Rocks
  7420 | D:7      | Reached skill level 5 in Fighting
  7621 | D:7      | Reached XP level 10. HP: 57/59 MP: 10/10
  7749 | D:7      | Reached skill level 13 in Maces & Flails
  7761 | D:7      | Found a runed door.
  7893 | D:7      | Noticed Crazy Yiuf
  7895 | D:7      | Killed Crazy Yiuf
  8521 | D:9      | Noticed a two-headed ogre
  8551 | D:9      | Killed a two-headed ogre
  8754 | D:9      | Reached skill level 14 in Maces & Flails
  8813 | D:9      | Identified the Handbook of Earth
  8958 | D:9      | Noticed a two-headed ogre
  8983 | D:9      | Killed a two-headed ogre
  8983 | D:9      | Reached XP level 11. HP: 45/68 MP: 11/11
  9372 | D:7      | Bought a potion of experience for 700 gold pieces
  9372 | D:7      | Reached XP level 12. HP: 77/77 MP: 12/12
  9720 | D:9      | Reached skill level 10 in Fighting
  9760 | D:9      | Noticed a queen ant
  9807 | D:9      | Killed a queen ant
  9807 | D:9      | Reached skill level 15 in Maces & Flails
 10021 | D:10     | Entered Level 10 of the Dungeon
 10021 | D:10     | Noticed a two-headed ogre
 10036 | D:10     | Killed a two-headed ogre
 10443 | D:10     | Found Jafu's Book Shop.
 10524 | D:10     | Noticed a two-headed ogre
 10535 | D:10     | Killed a two-headed ogre
 10913 | D:11     | Noticed Harold
 10919 | D:11     | Noticed a two-headed ogre
 10937 | D:11     | Killed a two-headed ogre
 10957 | D:11     | Killed Harold
 11196 | D:11     | Noticed Erolcha
 11213 | D:10     | Killed Erolcha
 11575 | D:11     | Found a staircase to the Lair.
 11602 | D:11     | Reached XP level 13. HP: 47/83 MP: 13/13
 12243 | D:11     | Found a staircase to the Orcish Mines.
 12775 | D:12     | Reached skill level 16 in Maces & Flails
 13205 | D:12     | Paralysed by a centaur for 5 turns
 13219 | D:12     | Paralysed by a centaur for 6 turns
 13724 | D:12     | Found Hadafaeh's Weapon Boutique.
 14346 | D:13     | Found a gate to the Vaults.
 14346 | D:13     | Noticed a vault guard
 14346 | D:13     | Noticed a vault guard
 14346 | D:13     | Noticed a vault guard
 14346 | D:13     | Noticed a vault guard
 14438 | Lair:1   | Entered Level 1 of the Lair of Beasts
 15558 | Lair:2   | Found a blossoming altar of Fedhas.
 15739 | Lair:2   | Reached skill level 1 in Dodging
 15805 | Lair:2   | Gained mutation: Your large and strong wings let you fly indefinitely. [Gargoyle growth]
 15805 | Lair:2   | Reached XP level 14. HP: 88/91 MP: 14/14
 16197 | Lair:3   | Found a staircase to the Swamp.
 17031 | Lair:4   | Found a staircase to the Snake Pit.
 17469 | Lair:4   | Reached skill level 10 in Shields
 17654 | Lair:4   | Found a shadowy altar of Dithmenos.
 17672 | Lair:4   | Reached skill level 10 in Armour
 17897 | Lair:4   | Identified a scroll of acquirement
 18062 | Lair:5   | Reached skill level 17 in Maces & Flails
 18411 | Lair:5   | Noticed Urug
 18438 | Lair:5   | Killed Urug
 19068 | Lair:6   | Entered Level 6 of the Lair of Beasts
 19421 | Lair:6   | Got a slimy great mace
 19427 | Lair:6   | Identified the +4 great mace "Funeonke" {freeze, Int+2 SInv} (You found it on level 6 of the Lair of Beasts)
 19699 | Lair:6   | Reached XP level 15. HP: 94/99 MP: 15/15
 19928 | Lair:6   | Found a viscous altar of Jiyva.
 19928 | Lair:6   | Found a staircase to the Slime Pits.
 19937 | Lair:6   | Became a worshipper of Jiyva Juep the Shapeless
 20036 | Lair:6   | Identified the +12 scimitar "Suqoutre" {flame, Str+4 Int+2} (You found it on level 6 of the Lair of Beasts)
 20040 | Lair:6   | Reached * piety under Jiyva
 20062 | Lair:6   | Reached ** piety under Jiyva
 20625 | D:13     | Reached *** piety under Jiyva
 20632 | D:13     | Gained mutation: You have a pair of small horns on your head. [Jiyva's grace]
 20678 | D:13     | Reached **** piety under Jiyva
 20687 | D:13     | Gained mutation: Your spells are a little easier to cast, but a little less powerful. [Jiyva's grace]
 20690 | D:13     | Reached ***** piety under Jiyva
 20841 | D:14     | Lost mutation: Your spells are a little easier to cast, but a little less powerful. [Jiyva's grace]
 20858 | D:14     | Noticed Louise
 20866 | D:14     | Killed Louise
 21044 | D:14     | Gained mutation: You are partially covered in large bone plates. (SH +4) [Jiyva's grace]
 21124 | D:14     | Reached ****** piety under Jiyva
 21168 | D:14     | Found a shadowy altar of Dithmenos.
 21263 | D:14     | Lost mutation: You are partially covered in large bone plates. (SH +4) [Jiyva's grace]
 21459 | Slime:1  | Entered Level 1 of the Pits of Slime
 21459 | Slime:1  | Noticed an azure jelly
 21473 | Slime:3  | Noticed an azure jelly
 21473 | Slime:3  | Noticed an azure jelly
 21474 | Slime:3  | Noticed an azure jelly
 21475 | Slime:3  | Noticed an azure jelly
 21482 | Slime:3  | Noticed an acid blob
 21491 | Slime:4  | Noticed an acid blob
 21491 | Slime:4  | Noticed an acid blob
 21492 | Slime:4  | Noticed an azure jelly
 21493 | Slime:4  | Noticed an azure jelly
 21497 | Slime:5  | Entered Level 5 of the Pits of Slime
 21497 | Slime:5  | Noticed an acid blob
 21498 | Slime:5  | Noticed an acid blob
 21502 | Slime:5  | Noticed an acid blob
 21507 | Slime:5  | Noticed an acid blob
 21511 | Slime:5  | Found a viscous altar of Jiyva.
 21511 | Slime:5  | Noticed an acid blob
 21513 | Slime:5  | Lost mutation: You have a pair of small horns on your head. [Jiyva's grace]
 21516 | Slime:5  | Identified the Collected Works on the Snowflakes
 21520 | Slime:5  | Gained mutation: You are partially covered in slimy green scales. (AC +2) [Jiyva's grace]
 21521 | Slime:5  | Got a shimmering mace
 21525 | Slime:5  | Noticed the Royal Jelly
 21527 | Slime:5  | Gained mutation: You have sharp toenails. [Jiyva's grace]
 21532 | Slime:5  | Got a slimy rune of Zot
 21533 | Slime:5  | Noticed an acid blob
 21542 | Slime:5  | Noticed an acid blob
 21542 | Slime:5  | Gained mutation: Your muscles are strong. (Str +2) [Jiyva's grace]
 21547 | Slime:5  | Got a twisted mace
 21549 | Slime:5  | Got a smoking jade ring
 21565 | Slime:5  | Identified Gotomu Osoo's Guide on Dislocation and Stones
 21597 | Slime:3  | Noticed an acid blob
 21626 | Lair:6   | Identified the cursed +3 mace of the Desolation of Salt {speed, Dex+2} (You found it on level 5 of the Pits of Slime)
 21627 | Lair:6   | Identified the +5 mace "Weatiyl" {venom, rF+ rC+ MR+ SInv} (You found it on level 5 of the Pits of Slime)
 21628 | Lair:6   | Identified the ring of Zufeiqa {*Contam rF+ EV+3 Stlth+} (You found it on level 5 of the Pits of Slime)
 22140 | D:15     | Entered Level 15 of the Dungeon
 22406 | D:15     | Gained mutation: Your spells are a little harder to cast, but a little more powerful. [Jiyva's grace]
 22418 | D:15     | Gained mutation: Your body has grown golden eyes which may confuse attackers. (Acc +3) [Jiyva's grace]
 22437 | D:15     | Found Lotuesoa's Antique Weapon Shoppe.
 22452 | D:15     | Reached skill level 18 in Maces & Flails
 22494 | D:15     | Found a staircase to the Depths.
 22494 | D:15     | Noticed a fire giant
 22510 | D:15     | Killed a fire giant
 22579 | D:7      | Gained mutation: Your body has grown many golden eyes which may confuse attackers. (Acc +5) [Jiyva's grace]
 22865 | D:15     | Reached skill level 5 in Dodging
 22910 | D:15     | Gained mutation: You are covered in slimy tendrils that may disarm your opponents. [Jiyva's grace]
 23219 | Orc:1    | Entered Level 1 of the Orcish Mines
 23616 | Orc:2    | Entered Level 2 of the Orcish Mines
 23624 | Orc:2    | Found Ucwol's Book Shop.
 23681 | Orc:1    | Lost mutation: Your muscles are strong. (Str +2) [Jiyva's grace]
 23714 | Orc:2    | Found a staircase to the Elven Halls.
 23728 | Orc:2    | Reached XP level 16. HP: 91/107 MP: 16/16
 23745 | Orc:2    | Found Qiof's General Store.
 23748 | Orc:2    | Noticed Josephine
 23759 | Orc:2    | Killed Josephine
 23763 | Orc:2    | Paralysed by an orc sorcerer for 2 turns
 23769 | Orc:2    | Gained mutation: You possess an exceptional clarity of mind. [Jiyva's grace]
 23812 | Orc:2    | Found Pochit's Antique Weapon Shoppe.
 23815 | Orc:2    | Noticed jazmu's ghost (journeyman DsFE)
 23843 | Orc:2    | Gained mutation: You have a small jelly attached to you that may absorb incoming projectiles. [Jiyva's grace]
 23844 | Orc:2    | Killed jazmu's ghost
 23876 | Orc:2    | Lost mutation: Your spells are a little harder to cast, but a little more powerful. [Jiyva's grace]
 23911 | Orc:2    | Found a frozen archway.
 23942 | Orc:2    | Lost mutation: You have sharp toenails. [Jiyva's grace]
 23952 | Orc:2    | Found Laly's Antique Armour Emporium.
 23971 | IceCv    | Entered an ice cave
 24160 | IceCv    | Found an ancient bone altar of Kikubaaqudgha.
 24682 | IceCv    | Identified the Compendium of the Snowflakes
 25074 | Orc:1    | Gained mutation: Armour fits poorly on your pseudopods. [Jiyva's grace]
 25171 | Snake:1  | Entered Level 1 of the Snake Pit
 25181 | Snake:1  | Reached skill level 15 in Fighting
 25552 | Snake:1  | Gained mutation: You have acidic saliva. [Jiyva's grace]
 26264 | Snake:1  | Lost mutation: You are covered in slimy tendrils that may disarm your opponents. [Jiyva's grace]
 26700 | Snake:2  | Noticed a nagaraja
 26710 | Snake:2  | Killed a nagaraja
 26837 | Snake:2  | Gained mutation: Your flesh is cold resistant. (rC+) [Jiyva's grace]
 26901 | Snake:2  | Lost mutation: You possess an exceptional clarity of mind. [Jiyva's grace]
 26979 | Snake:2  | Lost mutation: You are partially covered in slimy green scales. (AC +2) [Jiyva's grace]
 27206 | Snake:2  | Reached XP level 17. HP: 104/114 MP: 17/17
 27256 | Snake:2  | Gained mutation: You are partially covered in large bone plates. (SH +4) [Jiyva's grace]
 27591 | Snake:2  | Noticed Jorgrun
 27605 | Snake:2  | Killed Jorgrun
 27605 | Snake:2  | Reached skill level 19 in Maces & Flails
 27877 | Snake:3  | Gained mutation: Your muscles are strong. (Str +2) [Jiyva's grace]
 28135 | Snake:3  | Gained mutation: Your translucent skin slightly reduces your foes' accuracy. (Stealth) [Jiyva's grace]
 28424 | Snake:3  | Lost mutation: Your muscles are strong. (Str +2) [Jiyva's grace]
 28933 | Snake:4  | Entered Level 4 of the Snake Pit
 29761 | Snake:4  | Lost mutation: Your flesh is cold resistant. (rC+) [Jiyva's grace]
 29848 | Snake:4  | Lost mutation: Your body has grown many golden eyes which may confuse attackers. (Acc +5) [Jiyva's grace]
 29873 | Snake:4  | Noticed Haldmier's ghost (adept DEWr)
 29876 | Snake:4  | Lost mutation: You are partially covered in large bone plates. (SH +4) [Jiyva's grace]
 29886 | Snake:4  | Gained mutation: You are covered in slimy tendrils that may disarm your opponents. [Jiyva's grace]
 29927 | Snake:4  | Killed Haldmier's ghost
 29965 | Snake:4  | Lost mutation: Armour fits poorly on your pseudopods. [Jiyva's grace]
 30026 | Snake:4  | Gained mutation: Your body has grown many golden eyes which may confuse attackers. (Acc +5) [Jiyva's grace]
 30049 | Snake:4  | Reached XP level 18. HP: 122/122 MP: 18/18
 30114 | Snake:4  | Got a serpentine rune of Zot
 30473 | Snake:3  | Lost mutation: You are covered in slimy tendrils that may disarm your opponents. [Jiyva's grace]
 30581 | Swamp:1  | Entered Level 1 of the Swamp
 30587 | Swamp:1  | Noticed Donald
 30596 | Swamp:1  | Noticed Nikola
 30614 | Lair:3   | Killed Donald
 30618 | Lair:3   | Lost mutation: Your translucent skin slightly reduces your foes' accuracy. (Stealth) [potion of mutation]
 30618 | Lair:3   | Lost mutation: You have acidic saliva. [potion of mutation]
 30618 | Lair:3   | Gained mutation: Armour fits poorly on your strangely shaped body. [potion of mutation]
 30618 | Lair:3   | Gained mutation: You are partially covered in slimy green scales. (AC +2) [potion of mutation]
 30619 | Lair:3   | Lost mutation: You have a small jelly attached to you that may absorb incoming projectiles. [potion of mutation]
 30619 | Lair:3   | Lost mutation: Armour fits poorly on your strangely shaped body. [potion of mutation]
 30619 | Lair:3   | Gained mutation: You are frail. (-10% HP) [potion of mutation]
 30619 | Lair:3   | Gained mutation: You have a pair of small horns on your head. [potion of mutation]
 30619 | Lair:3   | Gained mutation: You are partially covered in rugged brown scales. (AC +1, +3% HP) [potion of mutation]
 30621 | Lair:3   | Lost mutation: You have a pair of small horns on your head. [potion of mutation]
 30621 | Lair:3   | Lost mutation: Your body has grown many golden eyes which may confuse attackers. (Acc +5) [potion of mutation]
 30621 | Lair:3   | Gained mutation: You are very frail. (-20% HP) [potion of mutation]
 30621 | Lair:3   | Gained mutation: Your mind is acute. (Int +2) [potion of mutation]
 30622 | Lair:3   | Lost mutation: You are very frail. (-20% HP) [Jiyva's power]
 30623 | Lair:3   | Lost mutation: You are frail. (-10% HP) [Jiyva's power]
 30679 | Swamp:1  | Killed Nikola
 30933 | Swamp:1  | Lost mutation: Your mind is acute. (Int +2) [Jiyva's grace]
 31624 | Swamp:2  | Lost mutation: You are partially covered in rugged brown scales. (AC +1, +3% HP) [Jiyva's grace]
 31944 | Swamp:3  | Reached skill level 20 in Maces & Flails
 31994 | Swamp:3  | Gained mutation: Armour fits poorly on your pseudopods. [Jiyva's grace]
 32030 | Swamp:3  | Gained mutation: You have a small jelly attached to you that senses nearby items. [Jiyva's grace]
 32031 | Swamp:3  | Found a stormy altar of Qazlal.
 32373 | Swamp:3  | Lost mutation: You are partially covered in slimy green scales. (AC +2) [Jiyva's grace]
 32630 | Swamp:4  | Entered Level 4 of the Swamp
 33073 | Swamp:4  | Lost mutation: You have a small jelly attached to you that senses nearby items. [Jiyva's grace]
 33332 | Swamp:4  | Gained mutation: You are agile. (Dex +2) [Jiyva's grace]
 33343 | Swamp:4  | Lost mutation: You are agile. (Dex +2) [Jiyva's grace]
 33356 | Swamp:4  | Reached XP level 19. HP: 118/129 MP: 19/19
 33468 | Swamp:4  | Gained mutation: Your flesh is cold resistant. (rC+) [Jiyva's grace]
 33713 | Swamp:4  | Got a decaying rune of Zot
 33715 | Swamp:4  | Got a slimy amethyst amulet
 33716 | Swamp:4  | Identified the amulet of Gaemoq {Spirit rC++ MR- Str+2 Stlth+} (You found it on level 4 of the Swamp)
 34013 | Vaults:1 | Entered Level 1 of the Vaults
 34302 | Vaults:1 | Found Vadimp's Weapon Emporium.
 34573 | Vaults:1 | Lost mutation: Armour fits poorly on your pseudopods. [Jiyva's grace]
 34586 | Vaults:1 | Gained mutation: You are robust. (+10% HP) [Jiyva's grace]
 34617 | Vaults:1 | Gained mutation: You have a pair of small antennae on your head. [Jiyva's grace]
 35233 | Vaults:1 | Gained mutation: You are partially covered in rugged brown scales. (AC +1, +3% HP) [Jiyva's grace]
 35287 | Vaults:1 | Gained mutation: You are resistant to hostile enchantments. (MR+) [Jiyva's grace]
 35489 | Vaults:2 | Found Povvy's Gadget Boutique.
 35628 | Vaults:2 | Found Kunuar's Book Emporium.
 35663 | Vaults:2 | Found Rioqyran's Jewellery Boutique.
 35871 | Vaults:2 | Found Qonee's Food Boutique.
 35915 | Vaults:2 | Gained mutation: You are surrounded by a mild repulsion field. (EV +2) [Jiyva's grace]
 35961 | Vaults:2 | Lost mutation: Your body has grown golden eyes which may confuse attackers. (Acc +3) [Jiyva's grace]
 35991 | Vaults:2 | You are sucked into a shaft!
 36209 | Vaults:3 | Lost mutation: You have a pair of small antennae on your head. [Jiyva's grace]
 36263 | Vaults:3 | Gained mutation: Your muscles are strong. (Str +2) [Jiyva's grace]
 36319 | Vaults:3 | Lost mutation: You are robust. (+10% HP) [Jiyva's grace]
 36342 | Vaults:3 | Lost mutation: Your muscles are strong. (Str +2) [Jiyva's grace]
 36415 | Vaults:3 | Reached XP level 20. HP: 141/141 MP: 20/20
 36475 | Vaults:3 | Lost mutation: You are surrounded by a mild repulsion field. (EV +2) [Jiyva's grace]
 36526 | Vaults:3 | Reached skill level 21 in Maces & Flails
 36537 | Vaults:3 | Gained mutation: You are highly resistant to hostile enchantments. (MR++) [Jiyva's grace]
 36618 | Vaults:3 | Gained mutation: You are frail. (-10% HP) [Jiyva's grace]
 36988 | Vaults:3 | Gained mutation: Your translucent skin slightly reduces your foes' accuracy. (Stealth) [Jiyva's grace]
 37784 | Vaults:4 | Lost mutation: You are frail. (-10% HP) [Jiyva's power]
 37792 | Vaults:4 | Noticed Sojobo
 37826 | Vaults:4 | HP: 6/143 [Sojobo/bolt of lightning (10)]
 37826 | Vaults:4 | Slain by a tengu reaver

Skill      XL: |  1  2  3  4  5  6  7  8  9 10 11 12 13 14 15 16 17 18 19 20 |
---------------+-------------------------------------------------------------+-----
Maces & Flails | 3 4 5 6 7 9 11 12 14 15 16 17 18 19 20 21 | 21.3
Fighting       | 5 7 9 10 11 13 14 15 16 17 18 19 | 19.3
Armour         | 6 8 9 10 11 12 13 14 | 14.9
Shields        | 6 8 9 10 11 12 13 14 | 14.8
Dodging        | 1 3 5 6 7 8 9 |  9.7

Action                   |  1- 3 |  4- 6 |  7- 9 | 10-12 | 13-15 | 16-18 | 19-21 || total
-------------------------+-------+-------+-------+-------+-------+-------+-------++-------
Melee: Flail             |   125 |   238 |   418 |   757 |   911 |       |       ||  2449
       Demon whip        |       |       |       |       |   881 |  1897 |  1140 ||  3918
       Headbutt          |       |       |       |       |    37 |       |       ||    37
       Pseudopods        |       |       |       |       |       |   283 |    39 ||   322
       Bite              |       |       |       |       |       |   134 |       ||   134
Invok: Request Jelly     |       |       |       |       |     3 |       |     2 ||     5
       Cure Bad Mutation |       |       |       |       |       |     2 |     1 ||     3
 Abil: Fly               |       |       |       |       |     1 |       |       ||     1
Evoke: Wand              |       |       |       |       |    12 |       |       ||    12
  Use: Potion            |     1 |       |     1 |     3 |     1 |     5 |     2 ||    13
       Scroll            |       |       |    12 |    12 |    15 |     8 |     6 ||    53
 Stab: Confused          |       |       |       |       |     5 |    35 |    15 ||    55
       Distracted        |       |       |       |       |       |     1 |       ||     1
  Eat: Ration            |     1 |     1 |     2 |     5 |     7 |       |       ||    16
       Chunk             |       |     2 |     6 |     6 |     4 |       |       ||    18
Armor: Scale mail        |    72 |    36 |       |       |       |       |       ||   108
       Plate armour      |       |   118 |   212 |   370 |   991 |   666 |   316 ||  2673
       Fire dragon scale |       |       |       |       |       |       |    23 ||    23
Dodge: Dodged            |    39 |    52 |    67 |   119 |   389 |   525 |   311 ||  1502
       Deflected         |       |       |       |       |       |    30 |    12 ||    42
Block: Shield            |    71 |   142 |   166 |   333 |   946 |   927 |   378 ||  2963
       Large shield      |       |       |       |       |       |       |   243 ||   243
